 Dungeon Crawl Stone Soup version 0.30-a0-469-g84de5afbc5 (webtiles) character file.

Game seed: 13574601640819263401

4455 retardedninja the Cleaver (level 10, 0/92 HPs)
             Began as a Hill Orc Fighter on Dec 19, 2022.
             Was an Initiate of Gozag.
             Slain by a vampire (4 damage)
             ... on level 9 of the Dungeon.
             The game lasted 00:14:53 (10781 turns).

retardedninja the Cleaver (Hill Orc Fighter)       Turns: 10781, Time: 00:14:54

Health: 0/92       AC: 16    Str: 23    XL:     10   Next: 37%
Magic:  10/10      EV:  8    Int: 12    God:    Gozag
Gold:   259        SH: 12    Dex:  9    Spells: 9/9 levels left

rFire   . . .      SeeInvis +    a - +0 war axe
rCold   . . .      Faith    .    t - +2 buckler
rNeg    . . .      Spirit   .    i - +4 chain mail
rPois   .          Reflect  +    (helmet restricted)
rElec   .          Harm     .    (no cloak)
rCorr   .          Rampage  .    x - +0 pair of gloves
Will    .....                    (no boots)
Stlth   ..........               q - amulet of reflection
HPRegen 0.35/turn                j - ring of flight
MPRegen 0.12/turn                y - ring of see invisible

@: flying
A: horns 1, clever 1
a: Renounce Religion, Potion Petition, Call Merchant, Bribe Branch


You were on level 9 of the Dungeon.
You worshipped Gozag.
Gozag was aware of your devotion.
You visited 2 branches of the dungeon, and saw 10 of its levels.

You collected 998 gold pieces.
You paid 739 gold pieces to Gozag.

Inventory:

Hand Weapons
 a - a +0 war axe (weapon)
Missiles
 c - 2 javelins (quivered)
Armour
 i - a +4 chain mail (worn)
 n - a +0 helmet
 t - a +2 buckler (worn)
 x - a +0 pair of gloves (worn)
Jewellery
 j - a ring of flight (left hand)
 q - an amulet of reflection (around neck)
 y - a ring of see invisible (right hand)
Wands
 d - a wand of iceblast (17)
 e - a wand of flame (11)
 f - a wand of paralysis (7)
 p - a wand of acid (8)
Scrolls
 b - a scroll of teleportation
 h - a scroll of poison
 k - 2 scrolls of immolation
 o - a scroll of torment
 s - a scroll of noise
 u - 4 scrolls of identify
 v - 2 scrolls of magic mapping
Potions
 r - a potion of mutation
Miscellaneous
 l - a piece from Xom's chessboard (15/15)


   Skills:
 + Level 9.7 Fighting
 + Level 10.1 Axes
 + Level 8.8 Armour
 + Level 8.8 Shields


You had 9 spell levels left.
You didn't know any spells.
Your spell library contained the following spells:

 Spells                   Type           Power      Damage    Failure   Level
 Gell's Gravitas          Tloc           0%         N/A       100%        3
 Lesser Beckoning         Tloc           0%         N/A       100%        3
 Stone Arrow              Conj/Erth      0%         3d7       100%        3
 Teleport Other           Tloc           0%         N/A       100%        3
 Animate Armour           Summ/Erth      0%         N/A       100%        4
 Dispersal                Tloc           0%         N/A       100%        6
 Lehudib's Crystal Spear  Conj/Erth      0%         10d2      100%        8


Dungeon Overview and Level Annotations

Branches:
Dungeon (9/15)             Temple (1/1) D:5
   Lair: D:8-11         Orc: D:9-12

Altars:
Ashenzari
Cheibriados
Dithmenos
Fedhas
Gozag
Hepliaklqana
Kikubaaqudgha
Makhleb
Nemelex Xobeh
Okawaru
Qazlal
Sif Muna
Trog
Uskayaw
Wu Jian
Xom
Yredelemnul
The Shining One

Shops:
D:4 :

Annotations:
D:4 1 runed translucent door, Crazy Yiuf


Innate Abilities, Weirdness & Mutations

You have a pair of small horns on your head.
Your mind is acute. (Int +4, Str/Dex -1)


Message History

You barely miss the vampire. Your headbutt misses the vampire.
The vampire is lightly damaged.
You block the vampire's attack.
The vampire bites you but does no damage.
You slash the vampire! Your headbutt misses the vampire.
The vampire is moderately damaged.
You block the vampire's attack. x2
You barely miss the vampire.
The vampire is moderately damaged.
The vampire barely misses you.
The vampire bites you but does no damage.
You barely miss the vampire.
The vampire is moderately damaged.
The vampire hits you but does no damage.
The vampire barely misses you.
You slash the vampire! Your headbutt misses the vampire.
The vampire is severely damaged.
The vampire draws life force from you!
* * * LOW HITPOINT WARNING * * *
The vampire is healed by the life force!
You hit the vampire.
The vampire is heavily damaged.
The vampire casts a spell at you. You resist with some effort.
You barely miss the vampire. Your headbutt misses the vampire.
The vampire is heavily damaged.
The vampire barely misses you. The vampire bites you.
* * * LOW HITPOINT WARNING * * *
The vampire draws strength from your injuries!
You hit the vampire.
The vampire is heavily damaged.
The vampire hits you.
* * * LOW HITPOINT WARNING * * *
The vampire bites you but does no damage.
You completely miss the vampire.
You headbutt the vampire, but do no damage.
The vampire is heavily damaged.
You block the vampire's attack. The vampire bites you.
You die...
Your body crumbles into a pile of gold.

.##..........#....#..........##
$ ###.(........#.[..#..#.#.....#
..
.............#....#..........#
..
.##....##...##....#..#.#.....#
.. #....#######...............#
.. #...............#..........#
.. #...............####.#.###.#
..
#................##.....###.##..
###+####...##..@.##..........§§.
##'###...V##........V§§§.
....#...<.'...........$..
......#.....#..............
........#>....#.....(........
........#.>...#..............
#############################


You could see a vampire.

Vanquished Creatures
  Grinder (D:3)
  A wyvern (D:8)
  7 yaks (D:8)
  A shadow (D:9)
  An unseen horror simulacrum (D:9)
  An ice beast (D:9)
  A black bear (D:5)
  2 centaurs
  A kobold brigand (D:8)
  4 bullfrogs
  3 necrophages
  3 scorpions
  4 wights (D:6)
  13 killer bees
  An electric eel (D:9)
  3 jellies
  5 hounds
  3 orc priests
  Jessica (D:2)
  4 iguanas
  Ijyb (D:5)
  Terence (D:3)
  6 orc wizards
  Robin (D:3)
  3 gnolls (D:4)
  7 adders
  2 white imps
  5 ufetubi
  A worm (D:2)
  A dart slug (D:2)
  25 orcs
  8 endoplasms
  2 giant cockroaches
  14 goblins
  7 hobgoblins
  14 jackals
  11 kobolds
  A quokka (D:1)
  6 ball pythons
  6 bats
  5 frilled lizards
  2 rats
189 creatures vanquished.

Vanquished Creatures (others)
  5 fungi (D:7)
  A plant (D:7)
6 creatures vanquished.

Grand Total: 195 creatures vanquished

Notes
Turn   | Place    | Note
-------+----------+-------------------------------------------
     0 | D:1      | retardedninja the Hill Orc Fighter began the quest for the
                  | Orb.
     0 | D:1      | Reached XP level 1. HP: 19/19 MP: 1/1
    29 | D:1      | Reached skill level 3 in Axes
    29 | D:1      | Reached XP level 2. HP: 11/27 MP: 2/2
  1035 | D:2      | Noticed Jessica
  1041 | D:2      | Killed Jessica
  1042 | D:2      | Reached XP level 3. HP: 32/33 MP: 3/3
  1328 | D:2      | Reached XP level 4. HP: 39/40 MP: 4/4
  1900 | D:3      | Reached skill level 4 in Axes
  1900 | D:3      | Reached XP level 5. HP: 21/47 MP: 5/5
  2161 | D:3      | Noticed Robin
  2167 | D:3      | Noticed Terence
  2178 | D:3      | Killed Robin
  2186 | D:3      | Killed Terence
  2448 | D:3      | Found a shimmering altar of Xom.
  2759 | D:3      | Noticed Grinder
  2790 | D:3      | Killed Grinder
  2791 | D:3      | Reached skill level 5 in Fighting
  2791 | D:3      | Reached skill level 5 in Axes
  2791 | D:3      | Reached XP level 6. HP: 40/56 MP: 6/6
  2916 | D:4      | Identified the +0 leather armour of Zink {Harm rElec}
  2947 | D:4      | Reached skill level 5 in Armour
  2947 | D:4      | Reached skill level 5 in Shields
  2953 | D:4      | Reached XP level 7. HP: 50/61 MP: 7/7
  3266 | D:4      | Found Siaquni's Tremendous Tomes.
  3359 | D:4      | Found a runed translucent door.
  3360 | D:4      | Noticed Crazy Yiuf
  3650 | D:5      | Entered Level 5 of the Dungeon
  3911 | D:5      | Noticed Ijyb
  3924 | D:5      | Killed Ijyb
  3926 | D:5      | Reached skill level 6 in Axes
  3945 | D:5      | Reached XP level 8. HP: 15/71 MP: 8/8
  4748 | D:5      | Found a staircase to the Ecumenical Temple.
  4859 | Temple   | Entered the Ecumenical Temple
  4923 | Temple   | Became a worshipper of Gozag Ym Sagoz the Greedy
  5683 | D:6      | Reached skill level 7 in Axes
  5694 | D:6      | Found a snail-covered altar of Cheibriados.
  7028 | D:6      | Reached XP level 9. HP: 79/79 MP: 9/9
  7753 | D:7      | Reached skill level 8 in Axes
  7839 | D:7      | Found a stormy altar of Qazlal.
  8227 | D:7      | Found a blossoming altar of Fedhas.
  9047 | D:8      | Reached skill level 9 in Axes
  9092 | D:8      | Reached XP level 10. HP: 84/91 MP: 10/10
 10212 | D:8      | Reached skill level 10 in Axes
 10751 | D:9      | Gained mutation: Your mind is acute. (Int +4, Str/Dex -1)
                  | [potion of mutation]
 10751 | D:9      | Gained mutation: You have a pair of small horns on your
                  | head. [potion of mutation]
 10780 | D:9      | HP: 4/92 [vampire (3)]
 10781 | D:9      | Slain by a vampire

Illustrated notes

Levels and vault maps discovered:
D:1:      arrival_zaba_pyramid, layout_loops_ring, serial_bayou_ford_a
D:2:      layout_loops_ring, uniq_jessica
D:3:      layout_rooms, xom_butterflies, uniq_robin, uniq_grinder, uniq_terence
D:4:      layout_rooms, nicolae_shop_i_like_big_books, uniq_crazy_yiuf_cottage
D:5:      layout_loops_ring, minmay_temple_entry_poolview, uniq_ijyb
D:6:      layout_basic, mainiacjoe_overflow_paths
D:7:      layout_loops_ring, grunt_temple_overflow_forces_of_nature
D:8:      layout_cave_pools
D:9:      layout_gridville, nicolae_ru_path_of_blood,
          nicolae_overflow_two_pavilions, serial_ice, serial_ice_b,
          serial_ice_c, serial_ice_l, serial_ice_g, serial_ice_f, serial_ice_n,
          serial_ice_a
Temple:   dpeg_chambers_temple

Skill      XL: |  1  2  3  4  5  6  7  8  9 10 |
---------------+-------------------------------+-----
Axes           | 3 4 5 6 7 9 10 | 10.1
Fighting       | 4 5 6 7 9 |  9.7
Shields        | 4 5 6 8 |  8.8
Armour         | 4 5 6 8 |  8.8

Action                   |  1- 3 |  4- 6 |  7- 9 | 10-12 || total
-------------------------+-------+-------+-------+-------++-------
Melee: War axe           |    78 |   128 |   334 |   130 ||   670
       Headbutt          |       |       |       |     5 ||     5
Throw: Javelin           |       |       |    14 |     3 ||    17
Invok: Potion Petition   |       |       |     1 |     1 ||     2
Evoke: Piece from Xom's  |       |     1 |       |       ||     1
  Use: Potion            |       |     2 |    16 |     4 ||    22
       Scroll            |       |     3 |    11 |     6 ||    20
Armor: Scale mail        |    46 |       |       |       ||    46
       Chain mail        |     2 |    82 |   213 |    89 ||   386
       Skin              |       |       |    21 |       ||    21
Dodge: Dodged            |    44 |    52 |   161 |    54 ||   311
Block: Buckler           |    19 |    32 |   219 |   142 ||   412
       Reflection        |       |       |     1 |     3 ||     4

Table legend: (Time is in decaauts)
 A = Elapsed time spent in this place.
 B = Non-inter-level travel time spent in this place.
 C = Inter-level travel time spent in this place.
 D = Time resting spent in this place.
 E = Time spent auto-exploring this place.
 F = Levels seen in this place.
 G = Mean time per level.
                   A        B        C        D        E       F      G
               +--------+--------+--------+--------+--------+-----+--------+
         Total |  10945 |  10662 |    283 |   3683 |   5348 |  10 | 1094.5 |
       Dungeon |  10698 |  10448 |    250 |   3683 |   5148 |   9 | 1188.7 |
        Temple |    247 |    214 |     33 |      0 |    200 |   1 |  247.0 |
               +--------+--------+--------+--------+--------+-----+--------+

Top non-repeatable levels by time:
     D:6: 1734 daAuts
     D:8: 1474 daAuts
     D:5: 1453 daAuts
     D:7: 1436 daAuts
     D:1: 1054 daAuts
     D:3: 1046 daAuts
     D:2: 867 daAuts
     D:9: 819 daAuts
     D:4: 811 daAuts
  Temple: 247 daAuts
